 Dungeon Crawl Stone Soup version 0.30-a0-43-gbbf338a72c (webtiles) character file.

Game seed: 16025945467848465344

6 IdlyInterested the Trooper (level 1, -1/18 HPs)
             Began as a Demonspawn Wanderer on Aug 31, 2022.
             Slain by a kobold
             ... wielding a +0 short sword
              (3 damage)
             ... on level 1 of the Dungeon.
             The game lasted 00:01:57 (512 turns).

IdlyInterested the Trooper (Demonspawn Wanderer)     Turns: 512, Time: 00:01:58

Health: -1/18      AC:  3    Str: 14    XL:     1   Next: 75%
Magic:  2/2        EV: 11    Int: 13    God:
Gold:   0          SH:  0    Dex: 10    Spells: 2/2 levels left

rFire   . . .      SeeInvis .    a - +0 club
rCold   . . .      Faith    .    (no shield)
rNeg    . . .      Spirit   .    c - +0 leather armour
rPois   .          Reflect  .    (no helmet)
rElec   .          Harm     .    (no cloak)
rCorr   .          Rampage  .    (no gloves)
Will    .....                    (no boots)
Stlth   +.........               (no amulet)
HPRegen 0.06/turn                (no ring)
MPRegen 0.08/turn                (no ring)

@: no status effects
A: no striking features
a: no special abilities


You were on level 1 of the Dungeon.
You visited 1 branch of the dungeon, and saw 1 of its levels.

Inventory:

Hand Weapons
 a - a +0 club (weapon)
 h - a +0 dagger
Armour
 c - a +0 leather armour (worn)
Scrolls
 e - a scroll of silence {unknown}
 f - a scroll of identify {unknown}
Potions
 b - a potion of attraction
 d - a potion of lignification
 g - a potion of heal wounds {unknown}


   Skills:
 + Level 3.2 Fighting
 - Level 1.0 Throwing
 + Level 0.7 Armour
 - Level 1.0 Stealth
 - Level 1.0 Spellcasting
 - Level 1.0 Transmutations
 - Level 2.6 Fire Magic


You had 2 spell levels left.
You didn't know any spells.
Your spell library contained the following spells:

 Spells                   Type           Power      Damage    Failure   Level
 Foxfire                  Conj/Fire      16%        2x1d4     21%         1
 Beastly Appendage        Tmut           6%         N/A       24%         1
 Summon Small Mammal      Summ           0%         N/A       34%         1
 Conjure Flame            Conj/Fire      4%         6-21      52%         3
 Ignite Poison            Fire/Tmut/Pois 3%         N/A       54%         3
 Call Canine Familiar     Summ           0%         N/A       71%         3
 Gell's Gravitas          Tloc           0%         N/A       71%         3
 Summon Guardian Golem    Hex/Summ       0%         N/A       71%         3
 Teleport Other           Tloc           0%         N/A       71%         3
 Sticky Flame             Conj/Fire      4%         2d3       90%         4
 Dispersal                Tloc           0%         N/A       100%        6


Dungeon Overview and Level Annotations

Branches:
Dungeon (1/15)

Altars:


Message History

You pick up a There-And-Back Book and begin reading...
You add the spells Gell's Gravitas, Teleport Other and Dispersal to your library.
A rat comes into view.
Found 3 large rocks.
A kobold and a dart slug come into view.
The kobold shouts!
The kobold closely misses you.
You closely miss the kobold. The kobold barely misses you.
You hit the kobold.
The kobold is heavily wounded.
The kobold hits you but does no damage.
You barely miss the kobold.
The kobold is heavily wounded.
The kobold hits you with a +0 short sword.
You hit the kobold.
The kobold is severely wounded.
The kobold hits you with a +0 short sword.
The kobold hits you but does no damage.
You hit the kobold but do no damage.
The kobold is severely wounded.
The kobold closely misses you.
You hit the kobold but do no damage.
The kobold is severely wounded.
The kobold hits you with a +0 short sword.
You closely miss the kobold.
The kobold is severely wounded.
The kobold hits you with a +0 short sword.
The kobold hits you but does no damage.
You barely miss the kobold.
The kobold is severely wounded.
The kobold hits you with a +0 short sword.
You barely miss the kobold.
The kobold is severely wounded.
The kobold hits you with a +0 short sword.
* * * LOW HITPOINT WARNING * * *
You hit the kobold but do no damage.
The kobold is severely wounded.
The kobold hits you but does no damage.
The kobold hits you with a +0 short sword.
You die...

## #.#.......#.#.#
#..#...##.##...#..#
#.#.#.#...#.#.#.##
#...#...⌠...#...#
###.#.#.#...#.#.#.#
#...#...##.##...#...
#.#.#.......#.# #.
#...##.###.##...
#.#@.....(....#.
...##K###.###.#
#w#...w..........
#r##.###.###.# #.#
#..## ## ### ## ##
#.


You could see a dart slug and a kobold.

Vanquished Creatures
  3 jackals (D:1)
  2 ball pythons (D:1)
5 creatures vanquished.

Notes
Turn   | Place    | Note
-------+----------+-------------------------------------------
     0 | D:1      | IdlyInterested the Demonspawn Wanderer began the quest for
                  | the Orb.
     0 | D:1      | IdlyInterested set off with the following items: a +0 club,
                  | a potion of attraction, a +0 leather armour, a potion of
                  | lignification; and the following spells available to
                  | memorise: Foxfire, Beastly Appendage, Conjure Flame, Ignite
                  | Poison, Sticky Flame.
     0 | D:1      | Reached XP level 1. HP: 18/18 MP: 2/2
   512 | D:1      | Slain by a kobold

Illustrated notes

Levels and vault maps discovered:
D:1:      lightli_arrival_boilingwater, layout_loops_cross,
          ebering_ecumenical_altar_abandoned, serial_shops, shop,
          nicolae_concentric_dashed_squares_wild

Action                   || total
-------------------------++-------
Melee: Club              ||    44
Armor: Leather armour    ||    18
Dodge: Dodged            ||    31

Table legend: (Time is in decaauts)
 A = Elapsed time spent in this place.
 B = Non-inter-level travel time spent in this place.
 C = Inter-level travel time spent in this place.
 D = Time resting spent in this place.
 E = Time spent auto-exploring this place.
 F = Levels seen in this place.
 G = Mean time per level.
                   A        B        C        D        E       F      G
               +--------+--------+--------+--------+--------+-----+--------+
         Total |    529 |    529 |      0 |    360 |     75 |   1 |  529.0 |
       Dungeon |    529 |    529 |      0 |    360 |     75 |   1 |  529.0 |
               +--------+--------+--------+--------+--------+-----+--------+

Top non-repeatable levels by time:
     D:1: 529 daAuts
